 Dungeon Crawl Stone Soup version 0.30-a0-802-gb92711bcdf (webtiles) character file.

Game seed: 18087851605068837842

39 dudediamond6 the Sneak (level 3, -8/25 HPs)
             Began as an Octopode Brigand on Feb 24, 2023.
             Mangled by a gnoll
             ... wielding a +0 flail
              (9 damage)
             ... on level 2 of the Dungeon.
             The game lasted 00:01:33 (686 turns).

dudediamond6 the Sneak (Octopode Brigand)            Turns: 686, Time: 00:01:34

Health: -8/25      AC:  1    Str: 10    XL:     3   Next: 45%
Magic:  3/3        EV: 12    Int: 13    God:
Gold:   42         SH:  0    Dex: 15    Spells: 2/2 levels left

rFire   . . .      SeeInvis .    l - +1 short sword (speed)
rCold   . . .      Faith    .    (no shield)
rNeg    . . .      Spirit   .    (helmet restricted)
rPois   .          Reflect  .    (no amulet)
rElec   .          Harm     .    (no ring)
rCorr   .          Rampage  .    (no ring)
Will    .....                    (no ring)
Stlth   ++++                     (no ring)
HPRegen 0.24/turn                (no ring)
MPRegen 0.08/turn                (no ring)
                                 (no ring)
                                 (no ring)

@: no status effects
A: almost no armour, amphibious, 8 rings, camouflage 1, gelatinous body 1,
(nimble swimmer 1), tentacles
a: no special abilities


You were on level 2 of the Dungeon.
You visited 1 branch of the dungeon, and saw 2 of its levels.

You collected 42 gold pieces.

Inventory:

Hand Weapons
 a - a +2 dagger
 l - a +1 short sword of speed (weapon)
Missiles
 b - 9 poisoned darts (quivered)
 c - 3 curare-tipped darts
Scrolls
 d - a scroll of identify {unknown}
 f - a scroll of blinking {unknown}
 j - a scroll of enchant armour {unknown}
Potions
 e - a potion of mutation {unknown}
 g - a potion of degeneration {unknown}
 h - a potion of curing {unknown}
 i - 2 potions of might {unknown}
 k - a potion of haste {unknown}


   Skills:
 * Level 2.3 Fighting
 * Level 2.5 Short Blades
 - Level 2.0 Throwing
 - Level 1.0 Dodging
 + Level 6.3 Stealth


You had 2 spell levels left.
You didn't know any spells.
Your spell library was empty.

Dungeon Overview and Level Annotations

Branches:
Dungeon (2/15)

Altars:


Innate Abilities, Weirdness & Mutations

You cannot wear most types of armour.
You are amphibious.
You can wear up to eight rings at the same time.
Your skin changes colour to match your surroundings (Stealth+).
Your rubbery body absorbs attacks. (AC +1, EV +1)
((You are camouflaged when in or above water. (Stealth+)))
You have tentacles for arms and can constrict up to eight enemies at once.


Message History

HP restored.
A gnoll comes into view. It is wielding a +0 flail.
Things that are here:
a +1 short sword of speed; a kobold corpse
l - a +1 short sword of speed Your tentacles tingle!
l - a +1 short sword of speed (weapon)
A gnoll comes into view. It is wielding a +0 club.
The gnoll shouts!
You hear a bark!
A gnoll comes into view. It is wielding a +0 spear.
A goblin comes into view. It is wielding a +0 dagger.
A gnoll comes into view. It is wielding a +0 flail.
The gnoll moves out of view.
The gnoll barely misses you. The gnoll attacks as you move away!
The gnoll hits you with a +0 club.
The gnoll shouts!
You hear a shout! x2
The gnoll attacks as you move away! The gnoll completely misses you.
The gnoll attacks as you move away! The gnoll barely misses you.
You hit the gnoll. Your grab misses the gnoll.
The gnoll is lightly wounded.
You hit the gnoll but do no damage. You grab the gnoll.
You constrict the gnoll, but do no damage.
The gnoll closely misses you. The gnoll hits you with a +0 flail!
Ouch! That really hurt!
* * * LOW HITPOINT WARNING * * *
You hit the gnoll.
The gnoll is lightly wounded.
You constrict the gnoll. You hit the gnoll. You grab the gnoll.
The gnoll is moderately wounded.
You constrict the gnoll. x2; The gnoll hits you with a +0 club!
* * * LOW HITPOINT WARNING * * *
The gnoll misses you.
You hit the gnoll. You squeeze the gnoll.
You kill the gnoll!
You constrict the gnoll, but do no damage.
You release your grip on the gnoll.
The gnoll barely misses you.
A goblin comes into view. It is wielding a +0 club.
The gnoll hits you with a +0 flail!
You die...

#####........#
#..##........#
#..##.†......#
#............#
#.###)>......# #.#
#........###
#.#########....##
#.g.# ####..## ###@#
##..### #g# ##..##
###.#############...
#.................##
###g.....########...
#.................
.......#######..#.
...g....# #....
.........# #...##


You could see 3 gnolls and a goblin.

Vanquished Creatures
  A gnoll (D:2)
  A dart slug (D:1)
  An endoplasm (D:1)
  3 giant cockroaches
  5 hobgoblins (D:1)
  3 quokkas (D:1)
  A ball python (D:1)
  2 bats
  3 goblins
  A kobold (D:2)
  5 rats (D:1)
26 creatures vanquished.

Notes
Turn   | Place    | Note
-------+----------+-------------------------------------------
     0 | D:1      | dudediamond6 the Octopode Brigand began the quest for the
                  | Orb.
     0 | D:1      | Reached XP level 1. HP: 14/14 MP: 1/1
    65 | D:1      | Reached XP level 2. HP: 19/19 MP: 2/2
   205 | D:1      | Reached skill level 6 in Stealth
   506 | D:1      | Reached XP level 3. HP: 24/24 MP: 3/3
   684 | D:2      | HP: 1/24 [gnoll/+0 club (7)]
   686 | D:2      | Mangled by a gnoll

Illustrated notes

Levels and vault maps discovered:
D:1:      lightli_arrival_boilingwater, layout_basic,
          chequers_serial_rivers_micro_c, minmay_strange_pillars
D:2:      layout_rooms, serial_shops, nicolae_shop_stone,
          uniq_crazy_yiuf_cottage

Skill      XL: |  1  2 |
---------------+-------+-----
Stealth        | 6 |  6.3
Fighting       | |  2.3
Short Blades   | |  2.5
Throwing       | |  2.0
Dodging        | |  1.0

Action                     || total
---------------------------++-------
  Melee: Dagger            ||    39
         Constrict         ||     8
         Tentacles         ||     5
         Short sword       ||     5
   Stab: Sleeping          ||    15
 Armour: Skin              ||     1
  Dodge: Dodged            ||    18

Table legend: (Time is in decaauts)
 A = Elapsed time spent in this place.
 B = Non-inter-level travel time spent in this place.
 C = Inter-level travel time spent in this place.
 D = Time resting spent in this place.
 E = Time spent auto-exploring this place.
 F = Levels seen in this place.
 G = Mean time per level.
                   A        B        C        D        E       F      G
               +--------+--------+--------+--------+--------+-----+--------+
         Total |    678 |    669 |      9 |      0 |    482 |   2 |  339.0 |
       Dungeon |    678 |    669 |      9 |      0 |    482 |   2 |  339.0 |
               +--------+--------+--------+--------+--------+-----+--------+

Top non-repeatable levels by time:
     D:1: 584 daAuts
     D:2: 94 daAuts
